 Dungeon Crawl Stone Soup version 0.17-a0-1720-gde3053d (webtiles) character file.

74 Quiffle the Skirmisher (level 4, 0/41 HPs)
             Began as a Minotaur Gladiator on Aug 28, 2015.
             Slain by a gnoll
             ... wielding a +0 spear
              (8 damage)
             ... on level 2 of the Dungeon.
             The game lasted 00:10:27 (1118 turns).

Quiffle the Skirmisher (Minotaur Gladiator)         Turns: 1118, Time: 00:10:27

Health: 0/41       AC:  3    Str: 21    XL:     4   Next: 9%
Magic:  3/3        EV: 12    Int:  5    God:
Gold:   81         SH:  0    Dex: 10    Spells: 0 memorised, 3 levels left

rFire  + . .     SeeInvis .     a - +0 long sword
rCold  . . .     Clarity  .     b - +0 leather armour
rNeg   . . .     SustAt   .     (no shield)
rPois  .         Gourm    .     c - +0 hat
rElec  .         Spirit   .     (no cloak)
rCorr  .         Warding  .     (no gloves)
rMut   .         Rnd*Tele +     (no boots)
MR     .....                    (no amulet)
Stlth  +.........               m - ring of teleportation (curse)
                                l - ring of protection from fire

@: not resistant to hostile enchantments, very unstealthy
A: retaliatory headbutt, horns 2
a: Evoke Teleportation


You were on level 2 of the Dungeon.
You were hungry.

You visited 1 branch of the dungeon, and saw 2 of its levels.

You collected 81 gold pieces.

Inventory:

Hand weapons
 a - a +0 long sword (weapon)
Missiles
 d - 3 throwing nets (quivered)
Armour
 b - a +0 leather armour (worn)
 c - a +0 hat (worn)
 n - a +0 chain mail
Jewellery
 g - an uncursed amulet of resist mutation {unknown}
 l - a ring of protection from fire (left hand)
 m - a cursed ring of teleportation (right hand)
Scrolls
 f - a scroll of remove curse {unknown}
 h - 3 scrolls of identify {unknown}
 i - a scroll of recharging {unknown}
 k - a scroll of enchant armour {unknown}
 o - a scroll of blinking {unknown}
 r - 2 scrolls of enchant weapon {unknown}
Potions
 j - a potion of heal wounds {unknown}
 q - a potion of resistance {unknown}
Comestibles
 e - 2 bread rations
 p - 2 meat rations


   Skills:
 * Level 4.8 Fighting
 - Level 3.9 Long Blades
 - Level 2.1 Throwing
 - Level 3.4 Dodging


You had 3 spell levels left.
You didn't know any spells.

Dungeon Overview and Level Annotations

Branches:
Dungeon (2/15)

Altars:
Fedhas
Jiyva


Innate Abilities, Weirdness & Mutations

You reflexively headbutt those who attack you in melee.
You have a pair of horns on your head.


Message History

You feel stronger. The gnoll completely misses you.
The gnoll closely misses you.
Things that are here:
a halberd; a gnoll corpse You barely miss the gnoll.
You headbutt the gnoll, but do no damage.
The gnoll hits you with a spear!
* * * LOW HITPOINT WARNING * * *
You hit the gnoll.
The gnoll is lightly wounded.
The gnoll hits you with a spear.
* * * LOW HITPOINT WARNING * * *
You completely miss the gnoll.
The gnoll is lightly wounded.
The gnoll closely misses you. You furiously retaliate!
You headbutt the gnoll! You closely miss the gnoll. You headbutt the gnoll.
The gnoll is almost dead.
The gnoll hits you with a spear!
You die...

### #################.## ###
...................# ....
#........#####.....# .....
.....P.P..####<##.######......
......_.........@g†....)...$..
....†P.P..####.#########......
#>.......## #.# .....
##......######.# ...:
##.######.....###### ... #.#
#..#........###.. ##
#.#####.##............
###.#.....##........###
.#....######..<.....#####


You could see a gnoll.

Vanquished Creatures
  3 gnolls
  2 worms (D:2)
  A giant gecko (D:1)
  A giant cockroach (D:1)
  6 goblins (D:1)
  9 hobgoblins
  4 jackals (D:1)
  4 kobolds
  2 bats (D:1)
  A giant newt (D:2)
  4 rats
37 creatures vanquished.

Notes
Turn   | Place    | Note
--------------------------------------------------------------
     0 | D:1      | Quiffle the Minotaur Gladiator began the quest for the Orb.
     0 | D:1      | Reached XP level 1. HP: 18/18 MP: 0/0
   123 | D:1      | Found a viscous altar of Jiyva.
   123 | D:1      | Noticed a jelly
   123 | D:1      | Noticed a jelly
   123 | D:1      | Noticed a jelly
   123 | D:1      | Noticed a jelly
   123 | D:1      | Noticed a jelly
   125 | D:1      | Noticed a jelly
   149 | D:1      | Reached XP level 2. HP: 25/25 MP: 1/1
   155 | D:1      | Noticed a jelly
   157 | D:1      | Noticed a jelly
   557 | D:1      | Reached XP level 3. HP: 23/33 MP: 2/2
   584 | D:1      | Reached skill level 4 in Fighting
   924 | D:2      | Found a blossoming altar of Fedhas.
  1113 | D:2      | Reached XP level 4. HP: 19/41 MP: 3/3
  1118 | D:2      | Slain by a gnoll

Vault maps used:
D:1:      erik_arrival_cave_to_civilisation, serial_park_tiny_pond
D:2:      fedhas_altar_1

Action                   |  1- 3 |  4- 6 || total
-------------------------+-------+-------++-------
Melee: Long sword        |    73 |     4 ||    77
